 Dungeon Sprint DCSS version 0.30.0-29-ga12c61a403 (webtiles) character file.

Game seed: 6969063096501486449

9000000 boopmooplesden the Axe Maniac (level 27, -74/273 HPs)
             Began as a Minotaur Berserker on June 20, 2023.
             Was the Champion of Makhleb.
             Killed from afar by an observer (93 damage)
             ... with a bolt of fire
             ... in the Dungeon (Sprint VIII: "Arena of Blood").
             The game lasted 00:08:59 (90 turns).

boopmooplesden the Axe Maniac (Minotaur Berserker)    Turns: 90, Time: 00:08:59

Health: -74/273    AC:  4    Str: 30    XL:     27
Magic:  29/53      EV: 28    Int:  4    God:    Makhleb [******]
Gold:   0          SH:  0    Dex: 16    Spells: 80/80 levels left

rFire   . . .        i - +∞ Axe of Woe
rCold   . . .        (shield currently unavailable)
rNeg    . . .        b - +0 animal skin
rPois   .            (helmet restricted)
rElec   .            (no cloak)
rCorr   .            (no gloves)
SInv    +            (no boots)
Will    ++...        (no amulet)
Stlth   ++++++++++   j - +200 ring of slaying
HPRegen 0.65/turn    k - ring of see invisible
MPRegen 0.33/turn

%: no teleportation
@: no status effects
A: horns 2, retaliatory headbutt
a: Renounce Religion, Minor Destruction, Lesser Servant of Makhleb, Major
Destruction, Greater Servant of Makhleb


You were in the Dungeon.
You worshipped Makhleb.
Makhleb was exalted by your worship.
You visited 1 branch

Inventory:

Hand Weapons
 a - a +0 hand axe
 i - the +∞ Axe of Woe (weapon)
   (You found it in the Dungeon)
Armour
 b - a +0 animal skin (worn)
Jewellery
 j - a +200 ring of slaying (left hand)
 k - a ring of see invisible (right hand)
Scrolls
 h - a scroll of blinking
Potions
 c - a potion of curing
 d - a potion of heal wounds
 e - a potion of haste
 f - 2 potions of magic
 g - a potion of berserk rage


   Skills:
 O Level 27 Fighting
 O Level 27 Short Blades
 O Level 27 Long Blades
 O Level 27 Axes
 O Level 27 Maces & Flails
 O Level 27 Polearms
 O Level 27 Staves
 O Level 27 Ranged Weapons
 O Level 27 Throwing
 O Level 27 Armour
 O Level 27 Dodging
 O Level 27 Stealth
 O Level 27 Shields
 O Level 27 Unarmed Combat
 O Level 27 Spellcasting
 O Level 27 Conjurations
 O Level 27 Hexes
 O Level 27 Summonings
 O Level 27 Necromancy
 O Level 27 Translocations
 + Level 15.9 Transmutations
 + Level 14.7 Fire Magic
 + Level 14.7 Ice Magic
 + Level 14.7 Air Magic
 + Level 15.5 Earth Magic
 + Level 14.3 Poison Magic
 O Level 27 Invocations
 O Level 27 Evocations


You had 80 spell levels left.
You didn't know any spells.
Your spell library was empty.

Dungeon Overview and Level Annotations

Branches:
Dungeon (1/1)

Altars:
Makhleb


Innate Abilities, Weirdness & Mutations

You have a pair of horns on your head.
You reflexively headbutt those who attack you in melee.


Message History

You chop the bag of meat into pieces!!!!
You hew the bag of meat savagely.
You blow up the bag of meat!
Makhleb accepts your kill.
You feel better.
You feel extremely nervous for a moment...
Your body is wracked with pain!
The observer appears out of thin air!
An observer comes into view.
You hear a shout! x5
The eight-headed meat hydra calls on the powers of darkness!
The eight-headed meat hydra convulses!
The bag of meat convulses!
Your body is wracked with pain!
* * * LOW HITPOINT WARNING * * *
The eight-headed meat hydra convulses!
You hear a shout! x3
Your Transmutations skill gained 3 levels and is now at level 15!
Your Fire Magic skill gained 3 levels and is now at level 14!
Your Ice Magic skill gained 3 levels and is now at level 14!
Your Air Magic skill gained 3 levels and is now at level 14!
Your Earth Magic skill gained 3 levels and is now at level 15!
Your Poison Magic skill gained 3 levels and is now at level 14!
Unknown command.
A demon appears!
You hear a shout! x8
Aiming: Major Destruction (0% risk of failure)
Press: ? - help, Shift-Dir - straight line The bolt of magma hits the bag of meat!!!
The bag of meat is severely wounded.
You hear a shout! x5
The eight-headed meat hydra calls on the powers of darkness!
The eight-headed meat hydra convulses!
The observer convulses!
Your body is wracked with pain!
* * * LOW HITPOINT WARNING * * *
The bag of meat convulses!
You hear a shout! x3
An eight-headed meat hydra comes into view.
You hear a shout!
The observer gazes at you. The bolt of fire hits you!!!!
You die...

......)...........
#...D.))).........
......)))........
#.....)))......#
.....#)D).....#...
.......).)))..#...
....##.#o)))......
.......)))).......
####...)#@)...####
........)).D....#.
..........2G......
###...............
################


You could see 3 eight-headed meat hydras, an observer (fast, invisible), a bag
of meat and a friendly green death (summoned).

Vanquished Creatures
  5 hell beasts (D)
  3 royal mummies (D)
  2 wraiths (D)
  11 vampire knights (D)
  23 ogres (D)
  3 two-headed ogres (D)
  3 liches (D)
  2 phantoms (D)
  39 orcs (D)
  5 skeletal warriors (D)
96 creatures vanquished.

Notes
Turn   | Place    | Note
-------+----------+-------------------------------------------
     0 | D        | Found the +∞ Axe of Woe
     0 | D        | boopmooplesden the Minotaur Berserker began the quest for
                  | the Orb.
     0 | D        | Reached XP level 1. HP: 19/19 MP: 0/0
     1 | D        | Noticed a bag of meat
     4 | D        | Fell from the grace of Trog
     4 | D        | Became a worshipper of Makhleb the Destroyer
     5 | D        | Noticed a bag of meat
     6 | D        | Noticed a bag of meat
     6 | D        | Noticed a bag of meat
     6 | D        | Noticed a bag of meat
     7 | D        | Killed a bag of meat
     7 | D        | Noticed a bag of meat
     7 | D        | Noticed a bag of meat
     7 | D        | Noticed a meat berserker
     8 | D        | Reached skill level 10 in Armour
     8 | D        | Reached XP level 2. HP: 55/55 MP: 1/1
     8 | D        | Reached XP level 3. HP: 62/62 MP: 2/2
     8 | D        | Reached XP level 4. HP: 70/70 MP: 3/3
     8 | D        | Reached XP level 5. HP: 77/77 MP: 4/4
     8 | D        | Reached XP level 6. HP: 85/85 MP: 5/5
     8 | D        | Reached XP level 7. HP: 92/92 MP: 6/6
     8 | D        | Reached XP level 8. HP: 100/100 MP: 7/7
     8 | D        | Reached XP level 9. HP: 107/107 MP: 8/8
     8 | D        | Reached XP level 10. HP: 115/115 MP: 9/9
     8 | D        | Killed a bag of meat
     8 | D        | Reached * piety under Makhleb
     9 | D        | Reached skill level 10 in Dodging
     9 | D        | Reached XP level 11. HP: 128/128 MP: 10/10
     9 | D        | Noticed a bag of meat
     9 | D        | Noticed a bag of meat
     9 | D        | Noticed a bag of meat
    10 | D        | Killed a bag of meat
    10 | D        | Noticed a meat berserker
    11 | D        | Reached XP level 12. HP: 141/141 MP: 11/11
    11 | D        | Killed a bag of meat
    11 | D        | Noticed a bag of meat
    11 | D        | Noticed a bag of meat
    12 | D        | Reached XP level 13. HP: 154/154 MP: 12/12
    12 | D        | Killed a meat berserker
    12 | D        | Reached ** piety under Makhleb
    12 | D        | Killed a bag of meat
    13 | D        | Reached skill level 27 in Fighting
    13 | D        | Reached skill level 27 in Axes
    13 | D        | Reached XP level 14. HP: 168/168 MP: 13/13
    13 | D        | Noticed a bag of meat
    13 | D        | Noticed a meat berserker
    13 | D        | Noticed a bag of meat
    14 | D        | Killed a bag of meat
    15 | D        | Killed a bag of meat
    15 | D        | Reached *** piety under Makhleb
    15 | D        | Noticed a meat berserker
    16 | D        | Killed a meat berserker
    17 | D        | Reached XP level 15. HP: 174/174 MP: 14/14
    18 | D        | Noticed a meat berserker
    19 | D        | Killed a meat berserker
    19 | D        | Reached **** piety under Makhleb
    19 | D        | Noticed a meat berserker
    20 | D        | Reached skill level 27 in Armour
    20 | D        | Reached skill level 27 in Dodging
    20 | D        | Reached ***** piety under Makhleb
    21 | D        | Reached XP level 16. HP: 183/183 MP: 14/20
    21 | D        | Noticed a meat berserker
    23 | D        | Killed a meat berserker
    24 | D        | Reached skill level 10 in Short Blades
    24 | D        | Reached skill level 10 in Staves
    24 | D        | Reached skill level 10 in Shields
    24 | D        | Killed a meat berserker
    25 | D        | Reached skill level 10 in Ranged Weapons
    25 | D        | Reached skill level 10 in Unarmed Combat
    25 | D        | Reached XP level 17. HP: 191/191 MP: 14/23
    26 | D        | Reached skill level 10 in Throwing
    26 | D        | Reached skill level 10 in Invocations
    26 | D        | Killed a meat berserker
    26 | D        | Noticed a destroyer
    27 | D        | Reached skill level 10 in Stealth
    27 | D        | Reached skill level 10 in Evocations
    28 | D        | Killed a meat berserker
    28 | D        | Reached ****** piety under Makhleb
    28 | D        | Noticed a meat berserker
    29 | D        | Noticed a destroyer
    29 | D        | Noticed a destroyer
    30 | D        | Noticed a meat berserker
    30 | D        | Noticed a large bag of meat
    30 | D        | Noticed a meat berserker
    30 | D        | Noticed a meat berserker
    30 | D        | Noticed a meat berserker
    32 | D        | Reached XP level 18. HP: 200/200 MP: 15/25
    32 | D        | Noticed a sculptor of flesh
    32 | D        | Noticed a destroyer
    32 | D        | Noticed a meat berserker
    32 | D        | Noticed a destroyer
    32 | D        | Noticed a large bag of meat
    34 | D        | Noticed a sculptor of flesh
    34 | D        | Killed a meat berserker
    34 | D        | Killed a destroyer
    34 | D        | Killed a large bag of meat
    34 | D        | Killed a destroyer
    35 | D        | Reached skill level 27 in Stealth
    35 | D        | Reached XP level 19. HP: 185/207 MP: 16/26
    36 | D        | Killed a destroyer
    36 | D        | Killed a meat berserker
    36 | D        | Killed a meat berserker
    37 | D        | Reached skill level 15 in Evocations
    37 | D        | Reached XP level 20. HP: 216/216 MP: 16/31
    37 | D        | Killed a meat berserker
    37 | D        | Noticed a meat berserker
    39 | D        | Killed a meat berserker
    39 | D        | Killed a destroyer
    39 | D        | Killed a meat berserker
    40 | D        | Reached XP level 21. HP: 224/224 MP: 16/33
    43 | D        | Noticed a destroyer
    44 | D        | Noticed a destroyer
    45 | D        | Noticed a tyrant
    45 | D        | Killed a destroyer
    46 | D        | Reached XP level 22. HP: 233/233 MP: 17/36
    46 | D        | Noticed a tyrant
    46 | D        | Noticed a destroyer
    47 | D        | Killed a large bag of meat
    48 | D        | Reached skill level 27 in Long Blades
    48 | D        | Reached skill level 27 in Maces & Flails
    48 | D        | Reached skill level 27 in Polearms
    48 | D        | Reached skill level 27 in Staves
    48 | D        | Reached skill level 27 in Shields
    48 | D        | Killed a destroyer
    49 | D        | Reached skill level 27 in Short Blades
    49 | D        | Noticed a destroyer
    50 | D        | Noticed a tyrant
    50 | D        | Noticed a large bag of meat
    51 | D        | Noticed a destroyer
    52 | D        | Reached skill level 27 in Ranged Weapons
    52 | D        | Reached skill level 27 in Unarmed Combat
    53 | D        | Reached skill level 27 in Throwing
    53 | D        | Reached skill level 27 in Invocations
    53 | D        | Reached XP level 23. HP: 127/240 MP: 19/39
    54 | D        | Reached skill level 27 in Evocations
    54 | D        | Noticed a tyrant
    54 | D        | Killed a destroyer
    55 | D        | Reached skill level 15 in Spellcasting
    55 | D        | Killed a tyrant
    57 | D        | Noticed an accursed
    57 | D        | Killed a tyrant
    57 | D        | Killed a destroyer
    58 | D        | Reached XP level 24. HP: 249/249 MP: 20/52
    58 | D        | Noticed an accursed
    59 | D        | Noticed a meat beast
    60 | D        | Noticed a dread
    60 | D        | Killed a dread
    60 | D        | Killed a large bag of meat
    60 | D        | Noticed an accursed
    61 | D        | Reached skill level 27 in Spellcasting
    61 | D        | Killed a destroyer
    62 | D        | Reached skill level 10 in Hexes
    62 | D        | Killed a tyrant
    63 | D        | Killed a meat beast
    63 | D        | Noticed a meat beast
    64 | D        | Reached skill level 15 in Conjurations
    64 | D        | Reached skill level 15 in Summonings
    64 | D        | Reached skill level 15 in Necromancy
    64 | D        | Reached skill level 15 in Translocations
    64 | D        | Reached XP level 25. HP: 199/257 MP: 21/53
    65 | D        | Killed a destroyer
    66 | D        | Noticed a meat beast
    67 | D        | Killed an accursed
    68 | D        | Noticed a meat beast
    68 | D        | Noticed a meat beast
    69 | D        | Killed a meat beast
    70 | D        | Reached XP level 26. HP: 148/266 MP: 23/53
    71 | D        | Killed a meat beast
    71 | D        | Noticed a dread
    72 | D        | Killed a meat beast
    73 | D        | Reached XP level 27. HP: 180/273 MP: 24/53
    73 | D        | Killed a meat beast
    75 | D        | Reached skill level 27 in Conjurations
    75 | D        | Reached skill level 27 in Summonings
    75 | D        | Reached skill level 27 in Necromancy
    75 | D        | Reached skill level 27 in Translocations
    78 | D        | Noticed a destroyer
    81 | D        | Killed an accursed
    82 | D        | Reached skill level 27 in Hexes
    85 | D        | Killed a dread
    88 | D        | Killed an accursed
    88 | D        | Killed a destroyer
    89 | D        | Reached skill level 15 in Transmutations
    89 | D        | Reached skill level 15 in Earth Magic
    90 | D        | Killed from afar by an observer

Illustrated notes

Levels and vault maps discovered:
D:        meatsprint

Skill      XL: |  1  2  3  4  5  6  7  8  9 10 11 12 13 14 15 16 17 18 19 20 21 22 23 24 25 26 27 |
---------------+----------------------------------------------------------------------------------+-----
Fighting       | 19 21 23 25 27 | 27.0
Axes           | 19 22 24 25 27 | 27.0
Armour         | 10 12 13 14 18 24 27 | 27.0
Dodging        | 9 10 11 12 17 23 27 | 27.0
Short Blades   | 8 11 13 18 21 25 27 | 27.0
Long Blades    | 8 12 14 19 23 26 27 | 27.0
Maces & Flails | 8 12 14 19 22 26 27 | 27.0
Polearms       | 8 12 14 19 22 26 27 | 27.0
Staves         | 8 11 14 19 22 26 27 | 27.0
Ranged Weapons | 7 10 13 17 20 24 27 | 27.0
Throwing       | 6 9 11 16 19 22 27 | 27.0
Stealth        | 6 9 14 27 | 27.0
Shields        | 8 11 14 19 22 26 27 | 27.0
Unarmed Combat | 7 10 13 17 20 24 27 | 27.0
Invocations    | 6 9 11 16 19 22 27 | 27.0
Evocations     | 6 9 11 15 17 21 25 27 | 27.0
Spellcasting   | 26 27 | 27.0
Conjurations   | 15 21 25 27 | 27.0
Hexes          | 14 19 23 27 | 27.0
Summonings     | 15 21 25 27 | 27.0
Necromancy     | 15 21 25 27 | 27.0
Translocations | 15 21 25 27 | 27.0
Transmutations | 15 | 15.9
Fire Magic     | 14 | 14.7
Ice Magic      | 14 | 14.7
Air Magic      | 14 | 14.7
Earth Magic    | 15 | 15.5
Poison Magic   | 14 | 14.3

Action                     |  1- 3 |  4- 6 |  7- 9 | 10-12 | 13-15 | 16-18 | 19-21 | 22-24 | 25-27 || total
---------------------------+-------+-------+-------+-------+-------+-------+-------+-------+-------++-------
  Melee: Executioner's axe |     1 |       |       |     3 |     6 |     9 |     7 |    14 |    14 ||    54
 Invoke: Greater Servant o |       |       |       |       |       |       |       |       |     2 ||     2
         Major Destruction |       |       |       |       |       |       |       |       |     1 ||     1
 Armour: Animal skin       |       |       |       |       |       |       |       |       |     1 ||     1
  Dodge: Dodged            |       |       |       |       |       |     1 |     1 |       |       ||     2
